 Dungeon Crawl Stone Soup version 0.29.1-4-g47bece8355 (webtiles) character file.

Game seed: 3559223209279031609

9750 fishmans the Bludgeoner (level 11, -3/66 HPs)
             Began as a Gargoyle Fighter on Dec 8, 2022.
             Was an Initiate of Gozag.
             Succumbed to barbed spike wounds
             ... on level 12 of the Dungeon.
             The game lasted 01:03:46 (15476 turns).

fishmans the Bludgeoner (Gargoyle Fighter)         Turns: 15476, Time: 01:03:46

Health: -3/66      AC: 23    Str: 25    XL:     11   Next: 51%
Magic:  11/11      EV:  7    Int:  8    God:    Gozag
Gold:   66         SH:  4    Dex:  9    Spells: 10/10 levels left

rFire   . . .      SeeInvis .   H - +0 morningstar
rCold   . . .      Faith    .   c - +0 buckler
rNeg    + . .      Spirit   .   I - +0 plate armour
rPois   ∞          Reflect  .   y - +0 helmet
rElec   +          Harm     .   (no cloak)
rCorr   .          Rampage  .   (no gloves)
Will    .....                   (no boots)
Stlth   ..........              (no amulet)
HPRegen 0.21/turn               (no ring)
MPRegen 0.12/turn               (no ring)

@: spiked, gold aura, flying
A: sickness immunity, AC +8, negative energy resistance 1, electricity
resistance, torment resistance 1, petrification resistance
a: Renounce Religion, Potion Petition, Call Merchant, Bribe Branch


You were on level 12 of the Dungeon.
You worshipped Gozag.
Gozag was noncommittal.
You visited 1 branch of the dungeon, and saw 11 of its levels.
You also visited: Ossuary.

You collected 1578 gold pieces.
You paid 1512 gold pieces to Gozag.

Inventory:

Hand Weapons
 a - a +0 flail
 n - a +1 flail of draining
 H - a +0 morningstar (weapon)
Missiles
 i - 29 poisoned darts (quivered)
Armour
 b - a +0 scale mail
 c - a +0 buckler (worn)
 k - a +0 chain mail
 y - a +0 helmet (worn)
 I - a +0 plate armour (worn)
Jewellery
 q - a ring of magical power
Wands
 d - a wand of flame (9)
 u - a wand of iceblast (13)
 w - a wand of digging (2)
 J - a wand of charming (9)
Scrolls
 s - a scroll of fear
 x - a scroll of blinking
 A - 2 scrolls of amnesia
 B - 4 scrolls of fog {unknown}
 D - a scroll of magic mapping
 E - 3 scrolls of enchant armour {unknown}
 G - 2 scrolls of summoning {unknown}
 K - a scroll of silence
 L - a scroll of brand weapon {unknown}
Potions
 e - 8 potions of degeneration
 f - 2 potions of brilliance
 g - 7 potions of curing
 h - 4 potions of haste
 j - a potion of flight
 l - a potion of cancellation {unknown}
 m - a potion of heal wounds
 o - a potion of attraction {unknown}
 r - 2 potions of mutation
 t - 3 potions of lignification
 v - 3 potions of magic
 z - 4 potions of resistance
 C - a potion of ambrosia {unknown}
 F - a potion of invisibility {unknown}


   Skills:
 - Level 6.6 Fighting
 + Level 15.4 Maces & Flails
 * Level 8.2 Armour
 - Level 3.2 Shields


You had 10 spell levels left.
You didn't know any spells.
Your spell library contained the following spells:

 Spells                   Type           Power      Damage    Failure   Level
 Apportation              Tloc           0%         N/A       100%        1
 Freeze                   Ice            0%         1d3       100%        1
 Necrotise                Necr           0%         1d4       100%        1
 Summon Small Mammal      Summ           0%         N/A       100%        1
 Frozen Ramparts          Ice            0%         1d1       100%        3
 Hailstorm                Conj/Ice       0%         3d3       100%        4
 Alistair's Intoxication  Tmut/Pois      0%         N/A       100%        5
 Borgnjor's Vile Clutch   Necr/Erth      0%         N/A       100%        5
 Eringya's Noxious Bog    Tmut/Pois      0%         N/A       100%        6


Dungeon Overview and Level Annotations

Branches:
Dungeon (12/15)            Temple (0/1) D:7         Ossuary (visited)
   Lair: D:8-11         Orc: D:9-12

Altars:
Elyvilon
Fedhas
Gozag
Hepliaklqana
Kikubaaqudgha
Okawaru
Ru
Sif Muna
Uskayaw
Wu Jian
Xom
Yredelemnul

Annotations:
D:2 1 runed translucent door, Crazy Yiuf
D:3 exclusions: Grinder and 1 more exclusion
D:6 Sigmund
D:9 1 runed translucent door
D:12 Snorg


Innate Abilities, Weirdness & Mutations

You are immune to sickness and miasma.
Your stone body is resilient. (AC +8)
You are immune to poison.
You resist negative energy. (rN+)
You are resistant to electric shocks. (rElec)
You are resistant to unholy torment.
You are immune to petrification.


Message History

The troll zombie bites the plant!
The troll zombie claws the plant.
The troll zombie claws the plant!
The manticore flicks its tail.
The volley of spikes hits you!
The barbed spikes become lodged in your body.
The electric eel shoots out a bolt of lightning at you!
The bolt of electricity hits you. You resist.
The bolt of electricity hits you but does no damage.
The bolt of electricity hits the electric eel.
The electric eel completely resists.
The bolt of electricity hits the ogre zombie!
The barbs in your skin will harm you if you move.
Continue? [Y]es or [N]o only, please.
The barbs in your skin will harm you if you move.
Continue? [Y]es or [N]o only, please.
The barbs in your skin will harm you if you move.
Continue? [Y]es or [N]o only, please.
The barbs in your skin will harm you if you move.
Continue?
The barbed spikes dig painfully into your body as you move.
The troll zombie bites the plant!
The troll zombie claws the plant. x2
The manticore flicks its tail.
The volley of spikes hits you but does no damage.
The electric eel shoots out a bolt of lightning at you!
The bolt of electricity hits you but does no damage.
You resist.
The bolt of electricity hits you but does no damage.
You resist.
You see here 7 gold pieces.
The barbed spikes dig painfully into your body as you move.
The troll zombie bites the plant!
The troll zombie claws the plant! x2
The manticore flicks its tail.
The volley of spikes hits you!!
The barbed spikes become lodged in your body.
* * * LOW HITPOINT WARNING * * *
The electric eel shoots out a bolt of lightning at you!
The bolt of electricity hits you. You resist.
* * * LOW HITPOINT WARNING * * *
The barbed spikes dig painfully into your body as you move.
You die...
Your body crumbles into a pile of gold. ....# ....# #.... #.... #...# $ #...# #...# .. #...# ..# #...# .Z## #..@# ...####...##### #### ZZ.!.

#...P....$...##≈≈≈## ..$..
#.#..#..#..##≈≈⌠≈≈## .....
##≈≈≈≈≈≈≈≈SH≈≈≈...≈≈# 8...
#........Z..T..._.⌠≈#####
...######.≈≈≈≈≈≈≈≈≈≈≈≈≈...≈≈#....
........'..#..#..#ZZ##≈≈⌠≈≈##'###
........#.......P.PZ.##≈≈≈##....T


You could see a manticore, a troll, an electric eel, a hobgoblin zombie and an
ogre zombie.

Vanquished Creatures
  A two-headed ogre (D:9)
  Pikel (D:6)
  A deep elf pyromancer (D:12)
  Maggie (D:7)
  A komodo dragon (D:9)
  4 slime creatures (D:12)
  Grinder (D:3)
  19 yaks
  2 vampire mosquitoes (D:12)
  A steam dragon (D:6)
  An acid dragon (D:9)
  A water moccasin (D:8)
  Duvessa (D:7)
  An orc warrior (D:7)
  A sky beast (D:7)
  An ice beast (D:8)
  5 black bears
  An ogre (D:6)
  2 centaurs
  A lemure (D:6)
  4 phantoms
  2 kobold brigands
  3 bullfrogs
  4 scorpions
  2 necrophages
  Dowan (D:7)
  5 howler monkeys
  A centaur zombie (Ossuary)
  A human zombie (Ossuary)
  5 hounds
  A jelly (D:5)
  2 orc priests
  4 iguanas
  Ijyb (D:5)
  5 orc wizards
  6 mummies
  4 gnolls (D:7)
  9 adders
  A shadow imp (D:7)
  13 white imps
  2 ufetubi (D:5)
  4 dart slugs
  21 orcs
  8 endoplasms
  2 giant cockroaches
  7 goblins
  8 hobgoblins
  2 quokkas (D:4)
  8 ball pythons
  5 bats
  6 frilled lizards
  2 gnoll zombies (Ossuary)
  3 goblin zombies
  A hobgoblin skeleton (D:12)
  A hobgoblin zombie (Ossuary)
  13 kobolds
  An orc skeleton (D:12)
  10 orc zombies
  3 rats
228 creatures vanquished.

Vanquished Creatures (others)
  An orc (D:6)
  10 plants (D:12)
  4 withered plants (D:4)
15 creatures vanquished.

Grand Total: 243 creatures vanquished

Notes
Turn   | Place    | Note
-------+----------+-------------------------------------------
     0 | D:1      | fishmans the Gargoyle Fighter began the quest for the Orb.
     0 | D:1      | Reached XP level 1. HP: 14/14 MP: 1/1
   317 | D:1      | Reached XP level 2. HP: 18/19 MP: 2/2
   562 | D:1      | Reached skill level 3 in Maces & Flails
  1354 | D:2      | Reached XP level 3. HP: 19/23 MP: 3/3
  1700 | D:2      | Reached skill level 4 in Maces & Flails
  1979 | D:2      | Found a runed translucent door.
  1980 | D:2      | Noticed Crazy Yiuf
  2093 | D:2      | Reached XP level 4. HP: 26/28 MP: 4/4
  2658 | D:3      | Noticed Grinder
  2828 | D:3      | Reached skill level 5 in Maces & Flails
  2828 | D:3      | Reached XP level 5. HP: 30/32 MP: 5/5
  2850 | D:3      | Found an ornate altar of the Wu Jian Council.
  3083 | D:3      | Found a shimmering blue altar of Sif Muna.
  3549 | D:4      | Found a blossoming altar of Fedhas.
  3792 | D:4      | Noticed a phantom
  3819 | D:4      | Killed a phantom
  3820 | D:4      | Reached skill level 6 in Maces & Flails
  3820 | D:4      | Reached XP level 6. HP: 29/37 MP: 6/6
  3895 | D:4      | Noticed a black bear
  3904 | D:4      | Killed a black bear
  4173 | D:4      | Found an ancient bone altar of Kikubaaqudgha.
  4516 | D:4      | Reached skill level 7 in Maces & Flails
  4803 | D:4      | Reached XP level 7. HP: 41/41 MP: 7/7
  5061 | D:5      | Entered Level 5 of the Dungeon
  5173 | D:5      | Found an opulent altar of Gozag.
  5181 | D:5      | Became a worshipper of Gozag Ym Sagoz the Greedy
  5201 | D:5      | Reached skill level 8 in Maces & Flails
  5441 | D:5      | Noticed Ijyb
  5475 | D:5      | Killed Ijyb
  6058 | D:5      | Found a hide-covered altar of Uskayaw.
  6085 | D:5      | Reached skill level 9 in Maces & Flails
  6085 | D:5      | Reached XP level 8. HP: 39/46 MP: 8/8
  6439 | D:6      | Noticed Pikel
  6751 | D:6      | Reached skill level 10 in Maces & Flails
  7007 | D:6      | Noticed Sigmund
  7325 | D:6      | Reached skill level 11 in Maces & Flails
  7416 | D:6      | Reached XP level 9. HP: 50/51 MP: 9/9
  7502 | D:6      | Killed Pikel
  7503 | D:6      | Reached skill level 12 in Maces & Flails
  8243 | D:3      | Paralysed by Grinder for 3 turns
  8259 | D:3      | Killed Grinder
  8503 | D:3      | Found an iron altar of Okawaru.
  8505 | D:3      | Found a shimmering altar of Xom.
  8509 | D:3      | Found a sacrificial altar of Ru.
  8978 | D:7      | Found a staircase to the Ecumenical Temple.
  9242 | D:7      | Found a sand-covered staircase.
  9253 | Ossuary  | Entered an ossuary
  9357 | Ossuary  | Reached skill level 13 in Maces & Flails
  9945 | D:7      | Noticed Duvessa
  9946 | D:7      | Noticed Dowan
  9954 | D:7      | Killed Dowan
 10073 | D:7      | Killed Duvessa
 10422 | D:7      | Noticed Maggie
 10455 | D:7      | Killed Maggie
 10456 | D:7      | Reached XP level 10. HP: 24/56 MP: 10/10
 10861 | D:7      | Reached skill level 14 in Maces & Flails
 11579 | D:8      | Found a hazy altar of Hepliaklqana.
 11579 | D:8      | Found a basalt altar of Yredelemnul.
 12374 | D:9      | Noticed a two-headed ogre
 12756 | D:9      | Found a runed translucent door.
 12788 | D:9      | Noticed a two-headed ogre
 12857 | D:8      | Reached skill level 5 in Fighting
 12857 | D:8      | Reached skill level 5 in Armour
 13303 | D:9      | Found a white marble altar of Elyvilon.
 13338 | D:9      | Killed a two-headed ogre
 13339 | D:9      | Reached XP level 11. HP: 37/64 MP: 11/11
 14029 | D:10     | Entered Level 10 of the Dungeon
 14065 | D:9      | Reached skill level 15 in Maces & Flails
 14763 | D:10     | You fall into a shaft and drop 2 floors!
 14773 | D:12     | Noticed a deep elf pyromancer
 14788 | D:12     | Killed a deep elf pyromancer
 15008 | D:12     | Noticed a cyclops
 15108 | D:12     | Noticed a manticore
 15112 | D:12     | Noticed Snorg
 15462 | D:12     | Found a white marble altar of Elyvilon.
 15475 | D:12     | HP: 2/66 [electric eel/bolt of electricity (3)]
 15476 | D:12     | Succumbed to barbed spike wounds

Illustrated notes

Levels and vault maps discovered:
D:1:      saegor_arrival_simple_d, layout_basic
D:2:      layout_loops_ring, grunt_ministairs_6, uniq_crazy_yiuf_cottage
D:3:      layout_loops_corners, nicolae_sif_muna_little_library,
          grunt_temple_overflow_diamond, nicolae_wu_jian_immortal_techniques,
          serial_glass, glass_columns_a, glass_columns_b,
          chequers_serial_rivers_small_b, uniq_grinder
D:4:      layout_basic, kiku_gazebo_garden_becter, fedhas_altar_1
D:5:      layout_loops_ring, old_standard_altar, nicolae_gozag_seed_capital,
          uniq_ijyb
D:6:      layout_basic, hangedman_decor_riveting, uniq_pikel, uniq_sigmund
D:7:      layout_basic, temple_doors_e, gup_ossuary_entry_pyramid,
          eino_tiny_chamber, uniq_duvessa, uniq_maggie
D:8:      layout_rooms, mainiacjoe_overflow_large_starburst
D:9:      layout_long_grid, kennysheep_little_box, ebering_ghost_reflecting_pool
D:10:     layout_irregular_city, marbit_many_paths, lair_entry_dummy,
          enter_bailey_4, nicolae_water_bricks
D:12:     layout_basic, zombieorc2_lemuel, portal_ice_cave_entry_imps,
          nicolae_elyvilon_temple_path, uniq_snorg

Skill      XL: |  1  2  3  4  5  6  7  8  9 10 11 |
---------------+----------------------------------+-----
Maces & Flails | 3 4 5 6 7 9 11 13 14 15 | 15.4
Fighting       | 5 6 |  6.6
Armour         | 5 8 |  8.2
Shields        | |  3.2

Action                   |  1- 3 |  4- 6 |  7- 9 | 10-12 || total
-------------------------+-------+-------+-------+-------++-------
Melee: Flail             |   120 |   175 |   348 |       ||   643
       Morningstar       |       |       |    53 |   389 ||   442
Throw: Dart              |       |       |     3 |    15 ||    18
Invok: Potion Petition   |       |       |       |     2 ||     2
  Use: Scroll            |     1 |     8 |     4 |    11 ||    24
       Potion            |       |     2 |     2 |     4 ||     8
 Stab: Distracted        |       |       |     1 |     3 ||     4
       Invisible         |       |       |       |     2 ||     2
Armor: Scale mail        |    63 |       |       |       ||    63
       Chain mail        |     8 |   122 |   209 |       ||   339
       Plate armour      |       |       |    22 |   278 ||   300
Dodge: Dodged            |    49 |    55 |   108 |   109 ||   321
Block: Buckler           |    24 |    32 |    52 |    55 ||   163
